 Dungeon Sprint DCSS version 0.22.1-1-ga44c0e5 (webtiles) character file.

434 Lauz the Basher (level 6, -2/102 HPs)
             Began as a Minotaur Berserker on Nov 8, 2018.
             Was a Believer of Trog.
             Slain by a centaur warrior (13 damage)
             ... in the Dungeon (Sprint I: "Red Sonja").
             The game lasted 00:01:21 (754 turns).

Lauz the Basher (Minotaur Berserker)                 Turns: 754, Time: 00:01:22

Health: -2/102     AC:  2    Str: 28    XL:     6   Next: 67%
Magic:  5/5        EV: 14    Int:  4    God:    Trog [**....]
Gold:   309        SH:  0    Dex: 10    Spells: 5/5 levels left

rFire    . . .     SeeInvis .   a - +0 mace
rCold    . . .     Gourm    .   (no shield)
rNeg     . . .     Faith    .   b - +0 animal skin
rPois    .         Spirit   .   (helmet restricted)
rElec    .         Reflect  .   (no cloak)
rCorr    .         Harm     .   (no gloves)
MR       .....     NoTele   +   (no boots)
Stlth    ..........             (no amulet)
HPRegen  0.27/turn              (no ring)
MPRegen  0.09/turn              (no ring)

@: berserking, very quick
A: retaliatory headbutt, horns 2
a: Berserk, Trog's Hand, Renounce Religion


You were in the Dungeon.
You worshipped Trog.
Trog was pleased with you.
You were very hungry.

You visited 1 branch You collected 309 gold pieces.

Inventory:

Hand Weapons
 a - a +0 mace (weapon)
Armour
 b - a +0 animal skin (worn)
 k - a +0 ring mail
Scrolls
 i - 2 scrolls of blinking
Potions
 d - a potion of curing
 e - a potion of heal wounds
 f - a potion of haste
 g - 2 potions of magic
 h - a potion of berserk rage
 j - a potion of cancellation {unknown}
Comestibles
 c - a ration
 l - 3 chunks of flesh


   Skills:
 + Level 11.0 Fighting
 + Level 11.7 Maces & Flails
 + Level 5.9 Armour
 + Level 5.3 Dodging


You had 5 spell levels left.
You didn't know any spells.
Your spell library was empty.

Dungeon Overview and Level Annotations

Branches:
Dungeon (1/1)

Altars:
Cheibriados
Dithmenos
Elyvilon
Fedhas
Gozag
Hepliaklqana
Kikubaaqudgha
Nemelex Xobeh
Okawaru
Qazlal
Ru
Sif Muna
Trog
Uskayaw
Vehumet
Wu Jian
Yredelemnul
Zin
The Shining One

Shops:
D !


Innate Abilities, Weirdness & Mutations

You reflexively headbutt those who attack you in melee.
You have a pair of horns on your head.


Message History

The centaur warrior shoots an arrow.
The arrow hits you!
You hear a splash.
Found 11 gold pieces, a scroll of blinking and a metallic white potion.
The centaur warrior shoots an arrow.
The arrow hits you!!
The centaur warrior shoots an arrow.
The arrow hits you!!
Found a ration.
There is an open door, spattered with blood here.
You see here an arrow.
i - 2 scrolls of blinking (gained 1)
A red film seems to cover your vision as you go berserk!
You feel yourself moving faster!
You feel mighty!
You are feeling very hungry.
The centaur warrior shoots an arrow.
The arrow hits you!
* * * LOW HITPOINT WARNING * * *
The centaur warrior hits you with a longbow!
* * * LOW HITPOINT WARNING * * *
You feel a strong urge to attack something.
The centaur warrior unwields an uncursed longbow.
The centaur warrior hits you!
You die...

###############
<.#..').#.)'..#
..').#..'..#..+
..#####'#####'# ###
..####..#...#.####§§#
..#__####..##[#≈§§§§#
..#_____##'#_.'§§§§§+
⌠⌠#_.∩...÷..§_#§c≈§.#
###_..__##_.#'##@####
#_____###+#[#!c(%#
####### ####+###


You could see 2 centaur warriors.

Vanquished Creatures
  Sigmund (D)
  A yak (D)
  An ogre (D)
  A jelly (D)
  Ijyb (D)
5 creatures vanquished.

Notes
Turn   | Place    | Note
-------+----------+-------------------------------------------
     0 | D        | Lauz the Minotaur Berserker began the quest for the Orb.
     0 | D        | Reached XP level 1. HP: 19/19 MP: 0/0
     1 | D        | Noticed Ijyb
    14 | D        | Killed Ijyb
    14 | D        | Reached skill level 5 in Fighting
    14 | D        | Reached skill level 5 in Maces & Flails
    14 | D        | Reached XP level 2. HP: 13/29 MP: 1/1
   186 | D        | Noticed an ogre
   195 | D        | Killed an ogre
   195 | D        | Reached XP level 3. HP: 17/39 MP: 2/2
   195 | D        | Reached XP level 4. HP: 21/47 MP: 3/3
   375 | D        | Noticed Sigmund
   385 | D        | Killed Sigmund
   385 | D        | Reached ** piety under Trog
   385 | D        | Reached skill level 10 in Maces & Flails
   385 | D        | Reached skill level 5 in Armour
   385 | D        | Reached XP level 5. HP: 40/58 MP: 4/4
   385 | D        | Reached XP level 6. HP: 45/66 MP: 5/5
   491 | D        | Found an ornate altar of the Wu Jian Council.
   491 | D        | Found a deep blue altar of Sif Muna.
   493 | D        | Found a radiant altar of Vehumet.
   496 | D        | Reached skill level 10 in Fighting
   549 | D        | Found Poodyng's Distillery.
   549 | D        | Found an ancient bone altar of Kikubaaqudgha.
   549 | D        | Found a hazy altar of Hepliaklqana.
   549 | D        | Found a hide-covered altar of Uskayaw.
   549 | D        | Found a basalt altar of Yredelemnul.
   549 | D        | Found an opulent altar of Gozag.
   549 | D        | Found a snail-covered altar of Cheibriados.
   549 | D        | Found a sacrificial altar of Ru.
   549 | D        | Found a shadowy altar of Dithmenos.
   549 | D        | Noticed a yak
   557 | D        | Killed a yak
   557 | D        | Reached skill level 5 in Dodging
   558 | D        | Found a stormy altar of Qazlal.
   558 | D        | Found a blossoming altar of Fedhas.
   558 | D        | Found a bloodstained altar of Trog.
   558 | D        | Found an iron altar of Okawaru.
   558 | D        | Found a glowing golden altar of the Shining One.
   558 | D        | Found a glowing silver altar of Zin.
   558 | D        | Found a white marble altar of Elyvilon.
   730 | D        | Found a sparkling altar of Nemelex Xobeh.
   746 | D        | Noticed a centaur warrior
   748 | D        | Noticed a centaur warrior
   754 | D        | Slain by a centaur warrior

Skill      XL: |  1  2  3  4  5  6 |
---------------+-------------------+-----
Fighting       | 5 7 9 11 | 11.0
Maces & Flails | 5 7 10 11 | 11.7
Armour         | 3 4 5 |  5.9
Dodging        | 3 4 5 |  5.3

Action                   |  1- 3 |  4- 6 || total
-------------------------+-------+-------++-------
Melee: Mace              |    20 |    17 ||    37
       Headbutt          |     2 |     4 ||     6
Invok: Berserk           |       |     2 ||     2
Armor: Animal skin       |     4 |       ||     4
Dodge: Dodged            |    10 |     7 ||    17
